 Dungeon Crawl Stone Soup version 0.26.1-2-gb8aa6d0cf2 (webtiles) character file.

Game seed: 5467185143113744297

36 Descartes the Covert (level 3, -3/17 HPs)
             Began as a Felid Delver on Feb 11, 2021.
             Shot with an arrow by a centaur (10 damage)
             ... on level 2 of the Dungeon.
             The game lasted 00:02:16 (1252 turns).

Descartes the Covert (Felid Delver)                 Turns: 1252, Time: 00:02:17

Health: -3/17      AC:  1    Str:  9    XL:     3   Next: 19%
Magic:  4/4        EV: 18    Int: 11    God:
Gold:   90         SH:  0    Dex: 17    Spells: 2/2 levels left
                                        Lives:  0   Deaths: 1

rFire    . . .     SeeInvis +     - Unarmed
rCold    . . .     Faith    .   (shield unavailable)
rNeg     . . .     Spirit   .   (armour unavailable)
rPois    .         Reflect  .   (helmet unavailable)
rElec    .         Harm     .   (cloak unavailable)
rCorr    .         Rampage  .   (gloves unavailable)
Will     .....                  (boots unavailable)
Stlth    +++++.....             (no amulet)
HPRegen  0.05/turn              (no ring)
MPRegen  0.09/turn              (no ring)

@: quick
A: very small, no armour, no weapons or thrown items, stealth, claws 1, fangs 3,
see invisible, speed 1, shaggy fur 1, sharp paws
a: no special abilities


You were on level 2 of the Dungeon.
You visited 1 branch of the dungeon, and saw 5 of its levels.

You collected 90 gold pieces.

Inventory:

Missiles
 j - 37 arrows
Wands
 e - a wand of digging (3)
Scrolls
 a - 2 scrolls of fog
 b - a scroll of magic mapping
 c - a scroll of fear
 g - a scroll of random uselessness {unknown}
 h - a scroll of teleportation {unknown}
 k - 2 scrolls of immolation {unknown}
 l - a scroll of blinking {unknown}
 m - a scroll of identify {unknown}
 n - a scroll of amnesia {unknown}
Potions
 f - 2 potions of curing {unknown}
 i - a potion of resistance {unknown}


   Skills:
 - Level 3.0 Fighting
 + Level 2.9 Dodging
 + Level 8.8 Stealth
 - Level 2.0 Unarmed Combat


You had 2 spell levels left.
You didn't know any spells.
Your spell library was empty.

Dungeon Overview and Level Annotations

Branches:
Dungeon (5/15)
 Temple: D:4-7

Altars:
Makhleb
Ru


Innate Abilities, Weirdness & Mutations

You cannot wear armour.
You are incapable of wielding weapons or throwing items.
Your paws allow you to move quietly. (Stealth)
You have sharp claws.
You have razor-sharp teeth.
You have supernaturally acute eyesight. (SInv)
You cover ground quickly.
You are covered in fur. (AC +1)
Your sharp claws are effective at attacking unaware monsters.


Message History

You are too injured to fight recklessly!
You are too injured to fight recklessly!
You are too injured to fight recklessly!
You are too injured to fight recklessly!
You are too injured to fight recklessly!
You are too injured to fight recklessly!
You are too injured to fight recklessly!
You are too injured to fight recklessly!
You feel yourself speed up. The frilled lizard misses you.
The centaur barely misses you. The worm bites you!
You die...
You are now level 3!
You rejoin the land of the living...
The centaur wields a +0 shortbow.
The centaur shoots an arrow.
The arrow hits you!
Ouch! That really hurt!
You see here an arrow.
The centaur shoots an arrow.
The arrow hits you!
Ouch! That really hurt!
You die...

.......##...................#
..†...###............#..##.##
......###.......####.##.##.#
......##........'....##..#.#
......##........###......#.#
......#####....<# #........#
####### #########........#
############...####..#
#2#_....#.@..### #..#
#######..(#########..# #.
#.###.# .........# #.###.#
#.# .#######.# #.....###.#
#...># ###.....)...##+##
#.#### #..........c.c..###
#.........w.†l...#
#............w...#


You could see a centaur and a worm.

Vanquished Creatures
  A hound (D:5)
  2 adders (D:2)
  A leopard gecko (D:2)
  A giant cockroach (D:2)
  4 goblins
  3 hobgoblins
  A quokka (D:2)
  8 bats
  4 frilled lizards
  2 kobolds (D:1)
  A leopard gecko skeleton (D:4)
  5 rats
33 creatures vanquished.

Notes
Turn   | Place    | Note
-------+----------+-------------------------------------------
     0 | D:5      | Descartes the Felid Delver began the quest for the Orb.
     0 | D:5      | Reached XP level 1. HP: 10/10 MP: 2/2
    42 | D:5      | Noticed a hound
    45 | D:5      | Killed a hound
    46 | D:5      | Reached skill level 8 in Stealth
    46 | D:5      | Reached XP level 2. HP: 14/14 MP: 3/3
    46 | D:5      | Reached XP level 3. HP: 17/17 MP: 4/4
   774 | D:2      | Found a burning altar of Makhleb.
   775 | D:2      | Noticed a balrug
  1086 | D:2      | Reached XP level 4. HP: 21/21 MP: 5/5
  1167 | D:2      | Found a sacrificial altar of Ru.
  1232 | D:2      | Noticed a centaur
  1239 | D:2      | Slain by a worm
  1240 | D:2      | Reached XP level 3. HP: -1/17 MP: 4/4
  1252 | D:2      | Shot with an arrow by a centaur

Illustrated notes

Levels and vault maps discovered:
D:1:      noname_arrival_rooms_in_the_neighbourhood, layout_basic
D:2:      layout_basic, lemuel_doored_altar, minmay_misc_feat_diagonals,
          makhleb_altar_promises_db
D:3:      layout_basic, lemuel_crystal_altar, lemuel_crystal_altar,
          corexii_shack
D:4:      layout_loops_cross, gammafunk_ghost_cemetery, serial_shops,
          nicolae_shop_stone
D:5:      layout_loops_cross, kennysheep_mini, lemuel_crystal_altar,
          uniq_sigmund

Skill      XL: |  1 |
---------------+----+-----
Stealth        | 8 |  8.8
Fighting       | |  3.0
Dodging        | |  2.9
Unarmed Combat | |  2.0

Action                   |  1- 3 |  4- 6 || total
-------------------------+-------+-------++-------
Melee: Unarmed           |    47 |    18 ||    65
       Bite              |     4 |     1 ||     5
  Use: Potion            |       |     1 ||     1
 Stab: Sleeping          |    14 |     1 ||    15
Armor: Skin              |     1 |     3 ||     4
Dodge: Dodged            |    34 |    16 ||    50
